 Dungeon Crawl Stone Soup version 0.21.0-25-ge575cb9 (webtiles) character file.

34 teukkam the Charmwright (level 3, -1/28 HPs)
             Began as a Gnoll Wanderer on Jan 25, 2018.
             Slain by an adder (2 damage)
             ... on level 2 of the Dungeon.
             The game lasted 00:02:16 (400 turns).

teukkam the Charmwright (Gnoll Wanderer)             Turns: 400, Time: 00:02:17

Health: -1/28      AC:  3    Str: 13    XL:     3   Next: 31%
Magic:  0/7        EV: 11    Int: 17    God:
Gold:   23         SH:  0    Dex: 13    Spells: 4/7 levels left

rFire    . . .     SeeInvis .   a - +2 dagger (speed)
rCold    . . .     Gourm    .   (no shield)
rNeg     . . .     Faith    .   h - +0 leather armour
rPois    .         Spirit   .   (no helmet)
rElec    .         Reflect  .   (no cloak)
rCorr    .         Harm     .   (no gloves)
MR       .....                  (no boots)
Stlth    ++........             (no amulet)
HPRegen  0.09/turn              (no ring)
MPRegen  0.10/turn              (no ring)

@: lethally poisoned (-1 -> -6), infused (expiring), singing
A: distributed training, fangs 1, strong nose
a: no special abilities


You were on level 2 of the Dungeon.
You were not hungry.

You visited 1 branch of the dungeon, and saw 2 of its levels.

You collected 23 gold pieces.

Inventory:

Hand Weapons
 a - a +2 dagger of speed (weapon)
 c - a +0 short sword
Armour
 d - a +0 robe
 h - a +0 leather armour (worn)
Wands
 k - a wand of paralysis (11)
Scrolls
 b - a scroll of teleportation
 e - a scroll of enchant armour {unknown}
 g - a scroll of fear {unknown}
 i - a scroll of remove curse {unknown}
Books
 j - a book of Battle

   Spells                             Type                      Level
   a - Infusion                       Charms                       1
   b - Shroud of Golubria             Charms/Translocation         2
   c - Song of Slaying                Charms                       2
   d - Spectral Weapon                Hexes/Charms                 3
   e - Regeneration                   Charms/Necromancy            3
Comestibles
 f - a ration


   Skills:
 + Level 2.6 Fighting
 + Level 4.5 Short Blades
 + Level 0.7 Long Blades
 + Level 0.7 Axes
 + Level 0.7 Maces & Flails
 + Level 0.7 Polearms
 + Level 0.7 Staves
 + Level 0.7 Slings
 + Level 0.7 Bows
 + Level 0.7 Crossbows
 + Level 2.6 Throwing
 + Level 0.7 Armour
 + Level 0.7 Dodging
 + Level 2.3 Stealth
 + Level 0.7 Shields
 + Level 0.7 Unarmed Combat
 + Level 2.8 Spellcasting
 + Level 0.5 Conjurations
 + Level 0.5 Hexes
 + Level 5.4 Charms
 + Level 0.5 Summonings
 + Level 0.5 Necromancy
 + Level 2.1 Translocations
 + Level 0.5 Transmutations
 + Level 0.5 Fire Magic
 + Level 0.5 Ice Magic
 + Level 0.5 Air Magic
 + Level 0.5 Earth Magic
 + Level 0.5 Poison Magic
 + Level 0.9 Invocations
 + Level 0.7 Evocations


You had 4 spell levels left.
You knew the following spells:

 Your Spells              Type           Power        Failure   Level  Hunger
a - Infusion              Chrm           ###.         2%          1    #......
b - Song of Slaying       Chrm           ###.....     3%          2    ##.....


Dungeon Overview and Level Annotations

Branches:
Dungeon (2/15)

Altars:


Innate Abilities, Weirdness & Mutations

Your experience applies equally to all skills.
You have very sharp teeth.
Your uncanny sense of smell can sniff out nearby items.


Message History

You hear a shout!
The adder bites you but does no damage. The gnoll closely misses you.
Unknown command.
You hit the gnoll.
You kill the gnoll!
A gnoll comes into view. It is wielding a spear.
You hit the adder.
The adder is almost dead.
The adder bites you.
* * * LOW HITPOINT WARNING * * *
The gnoll hits you but does no damage.
The frilled lizard bites you but does no damage.
Your magical infusion is running out.
* * * LOW HITPOINT WARNING * * *
You feel sick.
The gnoll hits you from afar with a spear.
* * * LOW HITPOINT WARNING * * *
The gnoll completely misses you.
The gnoll moves out of view.
The adder bites you.
You die...

########...... #
..............
##..###############.......
...........†....# #.####..
#..###.##.##.#.###.####..
#.##.##.............
#.##.##.#.###.......
#..###)##.##.#.# #.......
#....†lS@.##.#.# #.......
....###g#####.#.# #.....##
.. .... ....# #.....#
###.# ##### #.....# #.#
#.....# #.# #.....# #.#
#.##### #. ###


You could see a gnoll, an adder and a frilled lizard.

Vanquished Creatures
  An adder (D:2)
  A gnoll (D:2)
  A leopard gecko (D:1)
  2 bats (D:2)
  A giant cockroach (D:2)
  4 goblins
  A hobgoblin (D:2)
  A frilled lizard (D:2)
  3 kobolds (D:2)
15 creatures vanquished.

Notes
Turn   | Place    | Note
-------+----------+-------------------------------------------
     0 | D:1      | teukkam the Gnoll Wanderer began the quest for the Orb.
     0 | D:1      | teukkam set off with: a book of Battle, a scroll of teleportation, a +0 short sword, a +0 robe, a ration
     0 | D:1      | Reached XP level 1. HP: 17/17 MP: 4/4
     2 | D:1      | Learned a level 1 spell: Infusion
    86 | D:2      | Reached XP level 2. HP: 13/23 MP: 5/5
   147 | D:2      | Learned a level 2 spell: Song of Slaying
   382 | D:2      | Reached XP level 3. HP: 28/28 MP: 0/7
   399 | D:2      | HP: 1/28 [gnoll/spear (4)]
   400 | D:2      | Slain by an adder

Skill      XL: |  1 |
---------------+----+-----
Translocations | 2 |  2.1
Fighting       | |  2.6
Short Blades   | |  4.5
Long Blades    | |  0.7
Axes           | |  0.7
Maces & Flails | |  0.7
Polearms       | |  0.7
Staves         | |  0.7
Slings         | |  0.7
Bows           | |  0.7
Crossbows      | |  0.7
Throwing       | |  2.6
Armour         | |  0.7
Dodging        | |  0.7
Stealth        | |  2.3
Shields        | |  0.7
Unarmed Combat | |  0.7
Spellcasting   | |  2.8
Conjurations   | |  0.5
Hexes          | |  0.5
Charms         | |  5.4
Summonings     | |  0.5
Necromancy     | |  0.5
Transmutations | |  0.5
Fire Magic     | |  0.5
Ice Magic      | |  0.5
Air Magic      | |  0.5
Earth Magic    | |  0.5
Poison Magic   | |  0.5
Invocations    | |  0.9
Evocations     | |  0.7

Action                   || total
-------------------------++-------
Melee: Short sword       ||    23
       Bite              ||     3
       Dagger            ||    19
 Cast: Infusion          ||     3
       Song of Slaying   ||     1
 Stab: Sleeping          ||     2
Armor: Robe              ||     9
       Leather armour    ||     5
Dodge: Dodged            ||    25
